 Dungeon Crawl Stone Soup version 0.18.1-50-g88ac8fd (webtiles) character file.

159447 Chiseanne the Quickloader (level 17, -3/136 HPs)
             Began as a Centaur Air Elementalist on Oct 9, 2016.
             Was an Initiate of Gozag.
             Slain by a deep elf blademaster
             ... wielding a +0 rapier
              (11 damage)
             ... on level 3 of the Elven Halls.
             The game lasted 03:16:13 (45418 turns).

Chiseanne the Quickloader (CeAE)                   Turns: 45418, Time: 03:16:14

Health: -3/136     AC: 12    Str: 16    XL:     17   Next: 16%
Magic:  31/39      EV: 14    Int: 24    God:    Gozag
Gold:   1428       SH:  0    Dex: 13    Spells: 6 memorised, 20 levels left

rFire  + + .     SeeInvis +     w - +9 heavy crossbow "Sniper" {velocity, nevermiss, SInv}
rCold  + + .     Gourm    .     H - +0 ring mail of Summer {rF+ rN+ rCorr Int+2}
rNeg   + . .     Faith    +     (shield currently unavailable)
rPois  +         Spirit   .     l - +0 hat "Riraawna" {Regen+ Int+3} (curse)
rElec  .         Dismiss  .     r - +2 cloak {MR+}
rCorr  +         Reflect  .     o - +0 pair of gloves of Incorporation {rCorr}
SustAt .         Harm     .     (no barding)
MR     +++..                    f - amulet "Viuprife" {Faith rF+ rC+ MR+ MP+9}
Stlth  ..........               x - ring of Empapp {rPois Str+6 SInv}
                                n - ring of protection from cold

@: gold aura, very slightly contaminated, very quick, extremely resistant to
hostile enchantments, extremely unstealthy
A: hooves 3, deformed body, speed 2, tough skin 3
a: Potion Petition, Call Merchant, Bribe Branch, Renounce Religion


You were on level 3 of the Elven Halls.
You worshipped Gozag.
Gozag was noncommittal.
You were not hungry.

You visited 6 branches of the dungeon, and saw 30 of its levels.
You also visited: Ice Cave.

You collected 15700 gold pieces.
You spent 5425 gold pieces at shops.
You paid 8847 gold pieces to Gozag.

Inventory:

Hand Weapons
 a - a +5 flail of protection
 d - the +9 flail "Xumycadaet" {holy, rC- MR+++ Int-4 Dex+5}
   (You bought it in a shop on level 11 of the Dungeon)

   It has been blessed by the Shining One to cause great damage to the undead
   and demons.
   It affects your intelligence (-4).
   It affects your dexterity (+5).
   It makes you vulnerable to cold.
   It affects your resistance to hostile enchantments.
 s - the +7 great mace "Firestarter" {inner flame, rF++}
   (You found it in an ice cave)

   It has been specially enchanted to burn those struck by it, causing extra
   injury to most foes and up to half again as much damage against particularly
   susceptible opponents.
   It greatly protects you from fire.
 w - the +9 heavy crossbow "Sniper" (weapon) {velocity, nevermiss, SInv}
   (You bought it in a shop on level 6 of the Dungeon)

   Any bolt fired from it inflicts extra damage.
   It lets you see invisible.
 I - the cursed +0 war axe of the Eternal Warrior {elec, MR+, unknown}
   (You took it off a deep elf sorcerer on level 3 of the Elven Halls)

   Occasionally, upon striking a foe, it will discharge some electrical energy
   and cause terrible harm.
   It affects your resistance to hostile enchantments.
   It has a curse placed upon it.
Missiles
 e - 329 bolts (quivered)
Armour
 h - the +1 robe "Sen Tikh" {rElec Dex+2}
   (You found it on level 4 of the Dungeon)

   It affects your dexterity (+2).
   It insulates you from electricity.
 l - the cursed +0 hat "Riraawna" (worn) {Regen+ Int+3}
   (You bought it in a shop on level 11 of the Dungeon)

   It affects your intelligence (+3).
   It increases your rate of regeneration.
   It has a curse placed upon it.
 o - the +0 pair of gloves of Incorporation (worn) {rCorr}
   (You bought it in a shop on level 13 of the Dungeon)

   It protects you from acid and corrosion.
 r - a +2 cloak of magic resistance (worn)
 C - the +3 leather armour "Huoghari" {rPois rN+}
   (You found it on level 3 of the Elven Halls)

   It protects you from poison.
   It protects you from negative energy.
 H - the +0 ring mail of Summer (worn) {rF+ rN+ rCorr Int+2}
   (You bought it in a shop on level 10 of the Dungeon)

   It affects your intelligence (+2).
   It protects you from fire.
   It protects you from negative energy.
   It protects you from acid and corrosion.
Jewellery
 b - the ring "Ekoidut" {+Blink rC+ Dex+4, unknown}
   (You took it off a deep elf sorcerer on level 3 of the Elven Halls)

   [ring of dexterity]

   It affects your dexterity (+4).
   It protects you from cold.
   It lets you blink.
 f - the amulet "Viuprife" (around neck) {Faith rF+ rC+ MR+ MP+9}
   (You bought it in a shop on level 2 of the Orcish Mines)

   [amulet of faith]

   It allows you to gain divine favour quickly.
   It protects you from fire.
   It protects you from cold.
   It affects your resistance to hostile enchantments.
   It affects your magic capacity (+9).
 n - a ring of protection from cold (left hand)
 x - the ring of Empapp (right hand) {rPois Str+6 SInv}
   (You took it off a deep elf mage on level 3 of the Elven Halls)

   [ring of poison resistance]

   It affects your strength (+6).
   It protects you from poison.
   It lets you see invisible.
Wands
 k - a wand of disintegration (13/24)
 m - a wand of disintegration (4/24)
 A - a wand of teleportation (3/9)
 G - a wand of iceblast (9/15)
 Q - a wand of digging (4/24)
 R - a wand of heal wounds (7/9)
Scrolls
 i - a scroll of blinking
 q - 4 scrolls of fog
 y - a scroll of recharging
 B - 5 scrolls of remove curse
 E - 4 scrolls of magic mapping
 L - 4 scrolls of vulnerability
 M - 4 scrolls of teleportation
 O - 3 scrolls of immolation
 P - 2 scrolls of silence
Potions
 g - 12 potions of flight
 p - a potion of might
 t - a potion of haste
 u - 14 potions of curing
 v - a potion of resistance
 z - 2 potions of cancellation
 D - 2 potions of magic
 F - 2 potions of berserk rage
 K - a potion of brilliance
Comestibles
 c - 4 bread rations
 j - 13 meat rations


   Skills:
 - Level 8.4 Fighting
 * Level 14.4 Crossbows
 - Level 10.0 Armour
 * Level 11.9 Dodging
 - Level 1.2 Stealth
 - Level 9.4 Spellcasting
 - Level 6.0 Conjurations
 - Level 11.6 Fire Magic
 - Level 6.3 Air Magic


You had 20 spell levels left.
You knew the following spells:

 Your Spells              Type           Power        Failure   Level  Hunger
a - Inner Flame           Hex/Fire       #####...     2%          3    None
b - Repel Missiles        Chrm/Air       ####..       4%          2    None
c - Static Discharge      Conj/Air       #####...     1%          3    None
d - Mephitic Cloud        Conj/Pois/Air  ####....     8%          3    None
e - Cure Poison           Pois           ##........   17%         2    None
f - Shock                 Conj/Air       ####         1%          1    None


Dungeon Overview and Level Annotations

Branches:
Dungeon (15/15)            Temple (1/1) D:7            Lair (8/8) D:11
  Swamp (1/4) Lair:3       Spider (0/4) Lair:6        Slime (0/6) Lair:8
    Orc (2/2) D:10            Elf (3/3) Orc:2        Vaults (0/5) D:13
 Depths (0/5) D:15

Altars:
Ashenzari
Cheibriados
Dithmenos
Elyvilon
Fedhas
Gozag
Kikubaaqudgha
Makhleb
Nemelex Xobeh
Okawaru
Pakellas
Qazlal
Ru
Sif Muna
Trog
Vehumet
Xom
Yredelemnul
Zin
The Shining One
Beogh
Jiyva

Shops:
D:6 ((:%   D:10 *[   D:11 (*(}*   D:13 [   D:15 ?=[   Orc:2 [==

Annotations:
Swamp:1 Nikola
Orc:2 exclusion: 2 upstairs
Elf:1 Asterion
Elf:2 5 runed doors


Innate Abilities, Weirdness & Mutations

You have hooves in place of feet.
Armour fits poorly on your strangely shaped body.
You cover ground very quickly.
You have extremely tough skin (AC +3).


Message History

The deep elf blademaster is engulfed in noxious fumes.
The deep elf blademaster hits you but does no damage.
The deep elf blademaster hits you with a rapier!
Firing (i - inventory):
e - 330 bolts (quivered)
Press: ? - help, Shift-Dir - straight line, f/p - deep elf blademaster
Aim: a deep elf blademaster, wielding two rapiers and wearing a leather armour (noxious fumes, heavily wounded)
You shoot a bolt.
The bolt hits the deep elf blademaster!!
The deep elf blademaster is almost dead.
The deep elf blademaster is engulfed in noxious fumes.
The deep elf blademaster hits you with a rapier!
* * * LOW HITPOINT WARNING * * *
The deep elf blademaster hits you with a rapier!!
* * * LOW HITPOINT WARNING * * *
The deep elf blademaster is engulfed in noxious fumes.
The deep elf blademaster hits you with a rapier!
* * * LOW HITPOINT WARNING * * *
The deep elf blademaster hits you with a rapier!
You die...
Your body crumbles into a pile of gold.

##...##
##.############ $ $
#.##$:[:?\(?:# $ $
#.##)()/|![==# $ $
#)##[")=§§§[}# $ $
#.##||([)§§$:# #.#
#§### ######.######
#(e.# #...≈≈.≈≈...#
#.@.#
#...≈≈.≈≈...###...#
....≈≈.≈≈.....###.#
#...≈≈.≈≈...#.# #(#
######.######.###.#
...............##.#
..............))#.#
......⌠.........).#
................#.#


You could see a deep elf blademaster.

Vanquished Creatures
  A deep elf master archer (Elf:3)
  Kirke (Lair:6)
  A frost giant (IceCv)
  Maud (Lair:6)
  3 deep elf sorcerers (Elf:3)
  An orc warlord (D:10)
  3 deep elf elementalists
  4 deep elf demonologists
  2 deep elf annihilators (Elf:3)
  2 deep elf death magi (Elf:3)
  The ghost of varam the Basher, a journeyman DsBe of Trog (D:14)
  Josephine (Lair:3)
  A vault guard (D:13)
  A deep elf high priest (Elf:3)
  6 hydras
  Fannar (D:11)
  A catoblepas (Lair:5)
  3 centaur warriors
  2 ogre magi
  A queen ant (Lair:3)
  2 orc high priests
  A tengu warrior (D:14)
  7 deep elf knights
  A fire crab (Lair:6)
  2 unseen horrors (D:13)
  3 hill giants
  Pikel (D:4)
  5 orc knights
  4 deep elf archers (Elf:3)
  4 oklob plants
  13 ugly things
  36 deep elf magi
  7 orc sorcerers
  2 cyclopes
  4 necromancers (D:13)
  3 manticores
  4 griffons
  3 elephants (Lair:7)
  An ice statue (IceCv)
  6 black mambas
  Psyche (D:11)
  15 spiny frogs
  3 gargoyles
  An efreet (D:13)
  3 rime drakes
  2 kobold demonologists
  5 centaur skeletons
  A yaktaur (D:13)
  8 komodo dragons
  2 spriggan druids (Lair:8)
  7 trolls
  15 polar bears
  8 two-headed ogres
  The ghost of Chiseanne the Gusty, an amateur CeAE of Nemelex Xobeh (D:6)
  25 slime creatures
  A wolf spider simulacrum (D:15)
  22 blink frogs
  Grinder (D:4)
  2 boulder beetles (Lair:8)
  5 wyverns
  2 vampires
  8 spriggans
  8 redbacks (Lair:8)
  5 wraiths
  A spriggan (shapeshifter) (Elf:2)
  5 air elementals
  3 water elementals
  4 hogs (Lair:6)
  3 basilisks
  45 yaks
  2 fire elementals
  16 humans (D:13)
  9 hippogriffs
  2 hungry ghosts
  3 vampire mosquitoes (D:12)
  Menkaure (D:5)
  A mottled dragon (D:14)
  20 soldier ants
  4 insubstantial wisps (Lair:3)
  Edmund (D:4)
  2 wargs
  15 water moccasins
  A hell hound (shapeshifter) (D:15)
  12 porcupines
  A swamp drake (shapeshifter) (Elf:3)
  16 ice beasts
  Duvessa (D:4)
  12 black bears
  6 sky beasts
  35 orc warriors
  An eye of draining (D:15)
  A slave (D:4)
  2 phantoms
  21 ogres
  3 wasps
  A necrophage (D:8)
  17 centaurs
  35 wolves
  16 crocodiles
  7 big kobolds
  22 giant frogs
  Blork the orc (D:4)
  A wyvern zombie (D:5)
  3 earth elementals
  A wyvern skeleton (D:11)
  Dowan (D:4)
  6 scorpions
  19 killer bees
  9 wights
  An electric eel (Lair:5)
  4 howler monkeys (D:13)
  8 crimson imps
  A quasit (D:13)
  A lava snake (Lair:4)
  3 centaur zombies
  2 giant frog zombies
  11 jellies
  Crazy Yiuf (D:1)
  2 giant frog skeletons
  12 orc priests
  13 hounds
  16 orc wizards
  Terence (D:2)
  4 iguanas
  30 worker ants
  5 hell rats (Lair:6)
  23 sheep
  A howler monkey zombie (D:7)
  2 worker ant zombies
  10 adders
  8 gnolls
  92 river rats
  4 shadow imps
  16 oozes
  A worm (D:4)
  An adder skeleton (D:10)
  2 dart slugs (D:2)
  4 giant geckos
  64 orcs
  2 ball pythons
  7 giant cockroaches
  5 hobgoblins
  8 jackals
  7 quokkas
  8 bats
  2 giant gecko skeletons
  3 giant newts (D:5)
  19 goblins
  A jackal skeleton (D:5)
  41 kobolds
  2 quokka skeletons
  15 rats
  A bush (Lair:8)
  5 fungi
  12 plants
1166 creatures vanquished.

Vanquished Creatures (collateral kills)
  A polar bear (IceCv)
  A yak (IceCv)
  2 worker ants (Lair:3)
4 creatures vanquished.

Vanquished Creatures (others)
  A deep elf demonologist (Elf:3)
  10 dancing weapons
  A deep elf knight (Elf:3)
  A soldier ant (Lair:3)
  A phantom (D:4)
  An adder (D:4)
  An orc (Orc:1)
  37 fungi
  4 plants
57 creatures vanquished.

Grand Total: 1227 creatures vanquished

Notes
Turn   | Place    | Note
--------------------------------------------------------------
     0 | D:1      | Chiseanne the Centaur Air Elementalist began the quest for the Orb.
     0 | D:1      | Reached XP level 1. HP: 14/14 MP: 3/3
    50 | D:1      | Reached skill level 1 in Conjurations
   456 | D:1      | Reached XP level 2. HP: 20/20 MP: 0/4
  1170 | D:1      | Reached XP level 3. HP: 26/26 MP: 1/5
  2171 | D:2      | Noticed Terence
  2211 | D:2      | Killed Terence
  2211 | D:2      | Reached XP level 4. HP: 10/33 MP: 0/7
  3111 | D:2      | Noticed Crazy Yiuf
  3250 | D:1      | Killed Crazy Yiuf
  3250 | D:1      | Reached XP level 5. HP: 28/38 MP: 0/8
  3598 | D:2      | Learned a level 3 spell: Static Discharge
  3601 | D:2      | Learned a level 2 spell: Repel Missiles
  3776 | D:3      | Found a sacrificial altar of Ru.
  4730 | D:4      | Reached XP level 6. HP: 36/45 MP: 5/10
  4839 | D:4      | Got a brightly glowing dagger {vamp}
  5176 | D:4      | Noticed Grinder
  5180 | D:4      | Paralysed by Grinder for 7 turns
  5199 | D:4      | Killed Grinder
  5199 | D:4      | Reached XP level 7. HP: 13/50 MP: 1/11
  5424 | D:4      | Noticed Edmund
  5481 | D:4      | Killed Edmund
  5481 | D:4      | Reached skill level 5 in Air Magic
  5627 | D:4      | Noticed Blork the orc
  5641 | D:4      | Killed Blork the orc
  5731 | D:4      | Got a twisted robe
  6075 | D:4      | Noticed Pikel
  6091 | D:4      | Killed Pikel
  6091 | D:4      | Reached skill level 5 in Conjurations
  6091 | D:4      | Reached XP level 8. HP: 15/57 MP: 7/14
  6379 | D:4      | Noticed Dowan
  6380 | D:4      | Noticed Duvessa
  6389 | D:4      | Killed Duvessa
  6394 | D:4      | Killed Dowan
  7025 | D:5      | Entered Level 5 of the Dungeon
  7256 | D:5      | Found a basalt altar of Yredelemnul.
  7257 | D:5      | Noticed Menkaure
  7274 | D:5      | Killed Menkaure
  7274 | D:5      | Reached skill level 1 in Fighting
  7274 | D:5      | Reached skill level 5 in Spellcasting
  7988 | D:6      | Found Wuipseut's Food Emporium.
  8055 | D:6      | Reached XP level 9. HP: 46/67 MP: 16/16
  8155 | D:6      | Found Cegomp's Weapon Shop.
  8450 | D:6      | Found Kiafoh's Book Boutique.
  8663 | D:6      | Found Wishrylu's Antique Weapon Emporium.
  8953 | D:6      | Noticed Chiseanne's ghost (amateur CeAE)
  8966 | D:6      | Killed Chiseanne's ghost
  9509 | D:7      | Noticed a five-headed hydra
  9713 | D:7      | Found a staircase to the Ecumenical Temple.
  9827 | Temple   | Entered the Ecumenical Temple
  9922 | Temple   | Became a worshipper of Gozag Ym Sagoz the Greedy
 10927 | D:8      | Reached skill level 5 in Fighting
 10942 | D:8      | Reached XP level 10. HP: 77/81 MP: 3/19
 11806 | D:8      | Identified the cursed +1 robe "Sen Tikh" {rElec Dex+2} (You found it on level 4 of the Dungeon)
 12418 | D:9      | Reached skill level 5 in Dodging
 12953 | D:6      | Bought the +9 heavy crossbow "Sniper" {velocity, nevermiss, SInv} for 854 gold pieces
 13072 | D:9      | Found a shattered altar of Ashenzari.
 13122 | D:9      | Identified a scroll of acquirement
 13453 | D:10     | Entered Level 10 of the Dungeon
 13453 | D:10     | Noticed a hill giant
 13584 | D:9      | Reached skill level 1 in Crossbows
 13689 | D:9      | Reached skill level 2 in Crossbows
 13803 | D:10     | Reached skill level 3 in Crossbows
 14404 | D:10     | Learned a level 3 spell: Mephitic Cloud
 14407 | D:10     | Learned a level 2 spell: Cure Poison
 14466 | D:10     | Reached skill level 4 in Crossbows
 14469 | D:10     | Reached XP level 11. HP: 32/89 MP: 6/22
 15277 | D:10     | Killed a hill giant
 15277 | D:10     | Reached skill level 5 in Crossbows
 15462 | D:10     | Noticed a hill giant
 15498 | D:10     | Killed a hill giant
 15595 | D:10     | Found an opulent altar of Gozag.
 16154 | D:10     | Found a staircase to the Orcish Mines.
 16187 | D:11     | Identified the cursed +1 dagger of Due Proportion {vamp, Dex+2} (You took it off a gnoll on level 4 of the Dungeon)
 16228 | D:10     | Bought the +0 ring mail of Summer {rF+ rN+ rCorr Int+2} for 352 gold pieces
 16339 | D:6      | Bought a book of Flames for 350 gold pieces
 16343 | D:6      | Learned a level 3 spell: Inner Flame
 16477 | Orc:1    | Entered Level 1 of the Orcish Mines
 16477 | Orc:1    | Noticed an orc warlord
 16477 | Orc:1    | Noticed an orc sorcerer
 16541 | D:11     | Noticed Fannar
 16548 | D:11     | Killed Fannar
 16548 | D:11     | Reached skill level 1 in Armour
 16548 | D:11     | Reached skill level 1 in Fire Magic
 16627 | D:11     | Noticed a cyan ugly thing
 16670 | D:11     | Killed a cyan ugly thing
 17359 | D:11     | Noticed a five-headed hydra
 17408 | D:11     | Killed a five-headed hydra
 17515 | D:11     | Noticed Psyche
 17518 | D:11     | Killed Psyche
 17571 | D:11     | Found Koca Von's Antique Weapon Shoppe.
 17756 | D:11     | Found Koeg's Assorted Antiques.
 17762 | D:11     | Bought a potion of curing for 87 gold pieces
 17762 | D:11     | Bought a scroll of identify for 58 gold pieces
 17762 | D:11     | Bought a potion of curing for 87 gold pieces
 17777 | D:11     | Found Delan's Gadget Emporium.
 18063 | D:11     | Noticed a hill giant
 18087 | D:11     | Killed a hill giant
 18087 | D:11     | Reached XP level 12. HP: 60/96 MP: 13/24
 18163 | D:11     | Reached skill level 5 in Fire Magic
 18290 | D:11     | Found a staircase to the Lair.
 19470 | D:12     | Reached skill level 5 in Armour
 20801 | D:13     | Bought the cursed +0 pair of gloves of Incorporation {rCorr} for 155 gold pieces
 21281 | D:13     | Noticed a vault guard
 21307 | D:13     | Killed a vault guard
 21309 | D:13     | Reached XP level 13. HP: 42/102 MP: 11/25
 21459 | D:13     | Found a gate to the Vaults.
 21637 | D:14     | Noticed varam's ghost (journeyman DsBe)
 21645 | D:14     | Killed varam's ghost
 22563 | D:14     | Found a runed door.
 22988 | D:14     | Reached skill level 10 in Fire Magic
 23055 | D:14     | Found a roughly hewn altar of Beogh.
 23120 | D:15     | Entered Level 15 of the Dungeon
 24354 | D:15     | Found a staircase to the Depths.
 24559 | D:15     | Reached XP level 14. HP: 55/110 MP: 20/26
 25205 | D:11     | Bought a moonstone ring for 145 gold pieces
 25205 | D:11     | Bought a papyrus book for 435 gold pieces
 25297 | D:11     | Bought a dazzling greatsling for 580 gold pieces
 25297 | D:11     | Bought a crude flail for 246 gold pieces
 25299 | D:11     | Identified the +6 greatsling "Jucooxiy" {venom, rF- rC+ MP+9} (You bought it in a shop on level 11 of the Dungeon)
 25316 | D:11     | Identified the +9 flail "Xumycadaet" {holy, rC- MR+++ Int-4 Dex+5} (You bought it in a shop on level 11 of the Dungeon)
 25425 | Lair:1   | Entered Level 1 of the Lair of Beasts
 25478 | Lair:1   | Found a frozen archway.
 25520 | Lair:1   | Got a scorched hand axe
 25559 | IceCv    | Entered an ice cave
 26227 | IceCv    | Reached skill level 10 in Armour
 26303 | IceCv    | Noticed a frost giant
 26391 | IceCv    | Killed a frost giant
 26391 | IceCv    | Reached skill level 6 in Crossbows
 27019 | IceCv    | Identified the +1 hand axe "Cogoemonyod" {flame, rN+ MR- Str+2 Dex+4} (You found it on level 1 of the Lair of Beasts)
 28171 | D:11     | Bought the cursed +0 hat "Riraawna" {Regen+ Int+3} for 200 gold pieces
 28171 | D:11     | Bought a bread ration for 70 gold pieces
 28305 | D:10     | Killed an orc warlord
 28678 | Orc:2    | Entered Level 2 of the Orcish Mines
 28705 | D:10     | Bought a potion of heal wounds for 85 gold pieces
 28705 | D:10     | Bought a scroll of identify for 34 gold pieces
 28705 | D:10     | Bought a potion of haste for 170 gold pieces
 28802 | Orc:2    | Found a staircase to the Elven Halls.
 29317 | Orc:2    | Reached skill level 7 in Crossbows
 29775 | Orc:2    | Found Osieze's Antique Weapon Boutique.
 29775 | Orc:2    | Found Azaofulepnil's Jewellery Shoppe.
 29777 | Orc:2    | Found Kigar's Armour Emporium.
 29780 | Orc:2    | Found Aneoth's Jewellery Shop.
 29791 | Orc:2    | Bought the amulet "Viuprife" {Faith rF+ rC+ MR+ MP+9} for 1065 gold pieces
 30265 | Orc:1    | Found a roughly hewn altar of Beogh.
 31365 | Lair:2   | Reached XP level 15. HP: 109/121 MP: 28/28
 31507 | Lair:3   | Found a staircase to the Swamp.
 31594 | Lair:3   | HP: 6/121 [queen ant (15)]
 32109 | Lair:3   | Reached skill level 8 in Crossbows
 33460 | Lair:4   | Got a scorched chain mail
 33463 | Lair:4   | Identified the +4 chain mail of Diodenwa {MR+} (You found it on level 4 of the Lair of Beasts)
 34683 | Lair:5   | Reached skill level 9 in Crossbows
 35539 | Lair:6   | Noticed Kirke
 35575 | Lair:6   | Killed Kirke
 36528 | Lair:6   | Found a hole to the Spider Nest.
 36581 | Lair:6   | Noticed Maud
 36586 | Lair:6   | Killed Maud
 36586 | Lair:6   | Reached skill level 10 in Crossbows
 37873 | Lair:8   | Entered Level 8 of the Lair of Beasts
 38715 | Lair:8   | Reached skill level 11 in Crossbows
 38831 | Lair:8   | Found a viscous altar of Jiyva.
 38831 | Lair:8   | Found a staircase to the Slime Pits.
 38980 | Lair:8   | Reached XP level 16. HP: 21/129 MP: 23/29
 39618 | Lair:8   | Reached skill level 10 in Dodging
 40658 | D:15     | Bought a cursed amulet of inaccuracy for 38 gold pieces
 40666 | D:15     | Bought a scroll of identify for 36 gold pieces
 40666 | D:15     | Bought a scroll of identify for 36 gold pieces
 40666 | D:15     | Bought a scroll of identify for 36 gold pieces
 40666 | D:15     | Bought a scroll of identify for 36 gold pieces
 40666 | D:15     | Bought a scroll of teleportation for 54 gold pieces
 40666 | D:15     | Bought a scroll of teleportation for 54 gold pieces
 40666 | D:15     | Bought a scroll of teleportation for 54 gold pieces
 40666 | D:15     | Bought a scroll of teleportation for 54 gold pieces
 40666 | D:15     | Bought a scroll of teleportation for 54 gold pieces
 40884 | Swamp:1  | Entered Level 1 of the Swamp
 40884 | Swamp:1  | Noticed Josephine
 40884 | Swamp:1  | Noticed Nikola
 40892 | Lair:3   | Killed Josephine
 41567 | Elf:1    | Entered Level 1 of the Elven Halls
 41567 | Elf:1    | Noticed Asterion
 42068 | Elf:1    | Reached skill level 12 in Crossbows
 42491 | Elf:1    | Identified the Guide on the Escort
 43699 | Elf:2    | Found a huge runed gate.
 43699 | Elf:2    | Found a huge runed gate.
 43699 | Elf:2    | Found a huge runed gate.
 43749 | Elf:2    | Found a huge runed gate.
 43751 | Elf:2    | Found a huge runed gate.
 43890 | Elf:3    | Entered Level 3 of the Elven Halls
 43901 | Elf:2    | Reached skill level 13 in Crossbows
 44204 | Elf:3    | Got a faintly glowing leather armour
 44206 | Elf:3    | Identified the +3 leather armour "Huoghari" {rPois rN+} (You found it on level 3 of the Elven Halls)
 44789 | Elf:3    | Got a brightly glowing jade ring
 44931 | Elf:3    | Reached skill level 14 in Crossbows
 45288 | Elf:3    | Identified the ring of Empapp {rPois Str+6 SInv} (You took it off a deep elf mage on level 3 of the Elven Halls)
 45312 | Elf:3    | Reached XP level 17. HP: 107/136 MP: 30/30
 45339 | Elf:3    | Got a smoking glass ring
 45340 | Elf:3    | Got a brightly glowing war axe {elec}
 45406 | Elf:3    | Noticed a deep elf master archer
 45406 | Elf:3    | Noticed a deep elf blademaster
 45414 | Elf:3    | Killed a deep elf master archer
 45418 | Elf:3    | Slain by a deep elf blademaster

Skill      XL: |  1  2  3  4  5  6  7  8  9 10 11 12 13 14 15 16 |
---------------+-------------------------------------------------+-----
Conjurations   | 1 2 3 4 5 6 |  6.0
Air Magic      | 3 4 6 |  6.3
Spellcasting   | 2 3 4 5 6 7 8 9 |  9.4
Fighting       | 1 5 6 8 |  8.4
Dodging        | 2 4 5 6 7 9 11 | 11.9
Crossbows      | 4 5 7 11 14 | 14.4
Armour         | 4 7 9 10 | 10.0
Fire Magic     | 4 8 11 | 11.6
Stealth        | |  1.2

Action                   |  1- 3 |  4- 6 |  7- 9 | 10-12 | 13-15 | 16-18 || total
-------------------------+-------+-------+-------+-------+-------+-------++-------
Melee: Club              |    18 |       |       |       |       |       ||    18
       Kick              |     7 |     8 |    31 |    38 |    29 |       ||   113
       Short sword       |    54 |       |    14 |       |       |       ||    68
       Dagger            |     5 |    21 |       |       |       |       ||    26
       Quarterstaff      |       |    18 |   168 |   123 |       |       ||   309
       Flail             |       |       |       |    18 |     1 |       ||    19
       Great mace        |       |       |       |       |    80 |       ||    80
       Scimitar          |       |       |       |       |    29 |       ||    29
 Fire: Heavy crossbow    |       |       |       |   229 |   882 |   323 ||  1434
Throw: Throwing net      |       |       |       |     1 |       |       ||     1
 Cast: Shock             |    77 |   119 |   242 |   406 |   124 |    12 ||   980
       Repel Missiles    |       |     1 |     1 |     2 |     4 |     1 ||     9
       Static Discharge  |       |       |     9 |    35 |    63 |     4 ||   111
       Inner Flame       |       |       |       |    13 |   182 |    40 ||   235
       Mephitic Cloud    |       |       |       |     2 |    13 |     6 ||    21
Invok: Call Merchant     |       |       |       |     2 |     3 |     3 ||     8
Evoke: Wand              |       |       |       |     3 |    28 |    15 ||    46
  Use: Scroll            |     6 |     5 |     5 |    16 |    27 |    17 ||    76
       Potion            |     1 |     2 |     5 |     4 |    10 |     3 ||    25
 Stab: Paralysed         |       |       |     2 |     4 |       |       ||     6
       Distracted        |       |       |       |       |     1 |       ||     1
       Confused          |       |       |       |       |     1 |       ||     1
  Eat: Chunk             |     5 |    10 |    11 |       |       |       ||    26
       Fruit             |       |       |     2 |       |     4 |     1 ||     7
       Beef jerky        |       |       |     3 |       |     2 |     1 ||     6
       Bread ration      |       |       |     1 |     5 |     9 |     2 ||    17
       Pizza             |       |       |       |     2 |     3 |     3 ||     8
Armor: Robe              |    30 |    31 |    89 |    73 |       |       ||   223
       Ring mail         |       |       |       |   114 |   346 |    71 ||   531
Dodge: Dodged            |    52 |    37 |   128 |   235 |   445 |   150 ||  1047
       Deflected         |       |     1 |     1 |     5 |    12 |    19 ||    38
Block: Other             |     1 |     9 |    31 |    38 |       |       ||    79
       Reflection        |       |       |     1 |     2 |       |       ||     3
